AoeStats
← 化劲省二

MegaRandom

504963320Analyzed
1v1 RM · 26d ago on Sep 7, 2026· 25m 39s· 2 players
Game mode
Random Map
Map size
Tiny (2 player)
Population
200
Speed
Normal
Resources
Standard
Victory
Conquest
Starting age
Dark Age
Ending age
Imperial Age
RankedLock teamsTeams togetherTeam positionsShared explorationLock speedFull tech treeHidden civsTurbo modeCheats
Victory
Defeat
🇪🇪 Bulgarians · Estonia
1178
+15
🇨🇳 Khitans · China
1158
-15
化劲省二
9:57 Loom
12:30 Feudal Age
13:45 Double-Bit Axe
16:29 Castle Age
14:24 Domestication
17:22 Wheelbarrow
18:05 Forging
21:26 Town Watch
22:26 Iron Casting
Enn Tore
7:21 Loom
10:25 Feudal Age
17:11 Castle Age
15:15 Double-Bit Axe
15:57 Horse Collar
17:11 Scale Barding Armor
21:24 Fletching
22:13 Bodkin Arrow
23:45 Chain Barding Armor
Connection lost

Rejoining the realm…

Still unreachable

The connection could not be restored.

Session expired

The server has moved on; the page needs a fresh start.